 Dungeon Crawl Stone Soup version 0.29.0-15-g675c0067aa (webtiles) character file.

Game seed: 7991126554328517083

19567 qw the Severer (level 12, -11/177 HPs)
             Began as a Minotaur Berserker on Sept 12, 2022.
             Was an Elder of Trog.
             Mangled by a blink frog (14 damage)
             ... on level 3 of the Lair of Beasts.
             The game lasted 00:04:48 (14282 turns).

qw the Severer (Minotaur Berserker)                Turns: 14282, Time: 00:04:49

Health: -11/177    AC: 22    Str: 26    XL:     12   Next: 37%
Magic:  11/11      EV:  8    Int:  4    God:    Trog [****..]
Gold:   526        SH:  5    Dex: 11    Spells: 11/11 levels left

rFire   . . .      SeeInvis +   t - +0 war axe (venom)
rCold   . . .      Faith    .   p - +0 buckler
rNeg    . . .      Spirit   .   c - +0 plate armour
rPois   .          Reflect  .   (helmet restricted)
rElec   .          Harm     .   q - +2 cloak
rCorr   .          Rampage  .   l - +2 pair of gloves
Will    +....                   (no boots)
Stlth   ..........              (no amulet)
HPRegen 0.39/turn               r - ring of see invisible
MPRegen 0.12/turn               f - ring of willpower

@: berserking, very quick
A: horns 2, retaliatory headbutt
a: Renounce Religion, Berserk, Trog's Hand, Brothers in Arms


You were on level 3 of the Lair of Beasts.
You worshipped Trog.
Trog was greatly pleased with you.
You visited 2 branches of the dungeon, and saw 12 of its levels.

You collected 840 gold pieces.
You spent 314 gold pieces at shops.


Innate Abilities, Weirdness & Mutations

You have a pair of horns on your head.
You reflexively headbutt those who attack you in melee.


   Skills:
 - Level 14.3 Fighting
 - Level 16.0 Axes
 - Level 2.4 Throwing
 - Level 11.1 Armour
 - Level 4.0 Dodging
 + Level 7.7 Shields


You had 11 spell levels left.
You didn't know any spells.
Your spell library was empty.

Inventory:

Hand Weapons
 d - a +0 morningstar
 t - a +0 war axe of venom (weapon)
Missiles
 n - 3 boomerangs (quivered)
Armour
 c - a +0 plate armour (worn)
 l - a +2 pair of gloves (worn)
 o - the +1 pair of boots of Fehellyo {Harm Will+ rCorr}
   (You found it on level 1 of the Lair of Beasts)

   rCorr:     It protects you from acid and corrosion.
   Harm:      It increases damage dealt and taken.
   Will:      It increases your willpower.
 p - a +0 buckler (worn)
 q - a +2 cloak (worn)
Jewellery
 f - a ring of willpower (right hand)
 r - a ring of see invisible (left hand)
 Y - a ring of positive energy
Scrolls
 a - 2 scrolls of identify
Potions
 b - a potion of might
 h - a potion of mutation
 i - a potion of resistance
 j - 3 potions of curing
 k - a potion of cancellation
 u - a potion of brilliance {unknown}

Dungeon Overview and Level Annotations

Branches:
Dungeon (9/15)             Temple (0/1) D:5            Lair (3/5) D:9
  Swamp (0/4) Lair:2        Snake (0/4) Lair:2          Orc (0/2) D:9

Altars:
Ashenzari
Elyvilon
Fedhas
Gozag
Hepliaklqana
Makhleb
Okawaru
Uskayaw
Wu Jian
Xom

Shops:
D:6 [

Annotations:
Lair:2 3 runed translucent doors, qw's ghost, journeyman TrCA
Lair:3 2 transporters, qw's ghost, journeyman MiBe


Message History

14275 ||| INVOKING Berserk.
A red film seems to cover your vision as you go berserk!
You feel yourself moving faster!
You feel mighty! The blink frog closely misses you.
The blink frog blinks! x2
You barely miss the blink frog. You headbutt the blink frog!
The blink frog is heavily wounded.
The blink frog hits you but does no damage.
The blink frog blinks!
You slice the blink frog!!
You kill the blink frog!
Trog accepts your kill.
You miss the blink frog.
The blink frog hits you but does no damage.
You miss the blink frog. You closely miss the blink frog.
The blink frog blinks!
The blink frog hits you but does no damage.
You slash the blink frog!
The blink frog is heavily wounded.
You slash the blink frog!
The blink frog is poisoned.
You slash the blink frog!
The blink frog looks as sick as possible!
The blink frog hits you.
The blink frog blinks!
The blink frog hits you but does no damage.
You block the blink frog's attack.
You barely miss the blink frog.
The blink frog is heavily wounded.
You miss the blink frog. The blink frog hits you.
You slash the blink frog!
The blink frog looks as sick as possible!
The blink frog is severely wounded.
You barely miss the blink frog. You slice the blink frog!!
The blink frog is poisoned.
You block the blink frog's attack. The blink frog hits you!
The blink frog blinks! x2
You slash the blink frog!
You kill the blink frog!
Trog accepts your kill.
You barely miss the blink frog. The blink frog hits you!
You die...

>.####.
..##
........#
...#
........#
...#
#........
...#
#.......#
...#
........#
..##
.......¤#
..##
....F.%¤#
...#
.....FF@#
####
.###...##
####


You could see a cane toad and 2 blink frogs.

Vanquished Creatures
  2 two-headed ogres
  Pikel (D:7)
  An oklob plant (Lair:1)
  3 elephants (Lair:1)
  2 black mambas
  A cane toad (Lair:1)
  A kobold demonologist (D:8)
  A rime drake (Lair:3)
  4 komodo dragons
  A troll (D:9)
  10 blink frogs
  Sigmund (D:2)
  3 wyverns
  18 yaks
  A wraith (D:9)
  A basilisk (Lair:3)
  2 steam dragons
  A warg (D:9)
  An acid dragon (D:8)
  6 nagas (Lair:2)
  5 water moccasins
  An ice beast (D:6)
  A hornet zombie (D:7)
  2 sky beasts (D:8)
  6 orc warriors
  7 black bears
  7 wolves (Lair:1)
  4 centaurs
  An ogre (D:7)
  A lemure (D:7)
  A phantom (D:5)
  3 kobold brigands (D:8)
  12 bullfrogs
  5 scorpions
  2 necrophages
  3 wyvern zombies (D:7)
  A water moccasin zombie (D:7)
  12 wights
  3 killer bees (D:8)
  A howler monkey (D:6)
  6 centaur zombies (D:7)
  2 gnoll boudas
  3 hounds
  5 orc priests
  2 iguanas
  3 orc wizards
  2 killer bee zombies (D:7)
  3 howler monkey zombies (D:7)
  25 gnolls
  9 adders
  3 shadow imps
  A white imp (D:6)
  An ufetubus (D:5)
  2 worms (D:4)
  2 dart slugs
  31 orcs
  6 ball pythons
  7 endoplasms
  3 giant cockroaches
  6 goblins
  3 hobgoblins
  3 jackals (D:1)
  5 quokkas
  4 bats
  2 frilled lizards (D:1)
  14 kobolds
  4 rats
296 creatures vanquished.

Vanquished Creatures (collateral kills)
  A hydra (Lair:1)
  A rime drake (Lair:1)
2 creatures vanquished.

Vanquished Creatures (others)
  49 fungi
  39 plants
  2 withered plants (D:7)
90 creatures vanquished.

Grand Total: 388 creatures vanquished

Notes
Turn   | Place    | Note
-------+----------+-------------------------------------------
     0 | D:1      | qw the Minotaur Berserker began the quest for the Orb.
     0 | D:1      | Reached XP level 1. HP: 19/19 MP: 0/0
     0 | D:1      | 0 ||| qw: Version: 0.1-a-119-g272c26d
     0 | D:1      | 0 ||| qw: Game counter: 11043
     0 | D:1      | 0 ||| qw: Always use a shield: true
     0 | D:1      | 0 ||| qw: Do Orc after D:15 true
     0 | D:1      | 0 ||| qw: Do second Lair branch before Depths: true
     0 | D:1      | 0 ||| qw: Lair rune preference: random
     0 | D:1      | 0 ||| qw: Plans: Normal
     0 | D:1      | 0 ||| PLANNING D:1-11
    30 | D:1      | 30 ||| Stepping ~*~*~tactically~*~*~ (stealth).
    85 | D:1      | Found a faded altar of an unknown god.
   124 | D:1      | Reached skill level 4 in Axes
   176 | D:1      | 176 ||| Stepping ~*~*~tactically~*~*~ (hiding).
   181 | D:1      | Reached XP level 2. HP: 26/26 MP: 1/1
   182 | D:1      | 182 ||| Stepping ~*~*~tactically~*~*~ (hiding).
   200 | D:1      | 200 ||| Stepping ~*~*~tactically~*~*~ (stealth).
   398 | D:1      | 398 ||| DROPPING +0 club.
   520 | D:1      | 520 ||| DROPPING +0 mace.
   575 | D:1      | Reached ** piety under Trog
   757 | D:1      | 757 ||| READING 3 scrolls labelled POSOAH MOSSAJI.
   758 | D:1      | 758 ||| READING scroll labelled IHEDIO WUELUR.
   759 | D:1      | 759 ||| READING 2 scrolls of identify.
   759 | D:1      | 759 ||| IDENTIFYING glowing purple potion
   760 | D:1      | 760 ||| DROPPING potion of attraction.
   811 | D:2      | Reached skill level 5 in Axes
   811 | D:2      | Reached XP level 3. HP: 22/31 MP: 2/2
  1398 | D:2      | Noticed Sigmund
  1399 | D:2      | 1399 ||| Stepping ~*~*~tactically~*~*~ (hiding).
  1501 | D:2      | 1501 ||| FLEEEEING.
  1511 | D:2      | 1511 ||| INVOKING Berserk.
  1517 | D:2      | Killed Sigmund
  1518 | D:2      | Reached skill level 7 in Axes
  1518 | D:2      | Reached XP level 4. HP: 29/39 MP: 3/3
  1518 | D:2      | Reached XP level 5. HP: 33/45 MP: 4/4
  1682 | D:2      | 1682 ||| FLEEEEING.
  1683 | D:2      | 1683 ||| FLEEEEING.
  1684 | D:2      | 1684 ||| FLEEEEING.
  1685 | D:2      | 1685 ||| STAIRDANCE
  1720 | D:1      | 1720 ||| UPGRADING to +1 robe of willpower.
  1730 | D:1      | 1730 ||| DROPPING +0 animal skin.
  1731 | D:1      | 1731 ||| DROPPING +0 leather armour.
  1732 | D:1      | 1732 ||| UPGRADING to +0 scale mail.
  1742 | D:1      | 1742 ||| DROPPING +1 robe of willpower.
  1743 | D:1      | 1743 ||| READING 2 scrolls of identify.
  1743 | D:1      | 1743 ||| IDENTIFYING sedimented cyan potion
  1744 | D:1      | 1744 ||| DRINKING potion of experience.
  1744 | D:1      | Reached XP level 6. HP: 75/75 MP: 5/5
  1810 | D:2      | 1810 ||| Stepping ~*~*~tactically~*~*~ (hiding).
  1812 | D:2      | 1812 ||| INVOKING Berserk.
  2224 | D:3      | 2224 ||| Stepping ~*~*~tactically~*~*~ (stealth).
  2228 | D:3      | 2228 ||| Stepping ~*~*~tactically~*~*~ (stealth).
  2233 | D:3      | 2233 ||| INVOKING Berserk.
  2243 | D:3      | Reached skill level 8 in Axes
  2244 | D:3      | Reached XP level 7. HP: 82/82 MP: 6/6
  2260 | D:3      | 2260 ||| FLEEEEING.
  2261 | D:3      | 2261 ||| FLEEEEING.
  2262 | D:3      | 2262 ||| FLEEEEING.
  2263 | D:3      | 2263 ||| FLEEEEING.
  2265 | D:3      | 2265 ||| FLEEEEING.
  2266 | D:3      | 2266 ||| STAIRDANCE
  2379 | D:3      | 2379 ||| DROPPING +2 whip of venom.
  2509 | D:3      | 2509 ||| Stepping ~*~*~tactically~*~*~ (stealth).
  2511 | D:3      | 2511 ||| Stepping ~*~*~tactically~*~*~ (hiding).
  2514 | D:3      | 2514 ||| Stepping ~*~*~tactically~*~*~ (hiding).
  2631 | D:3      | Found a hazy altar of Hepliaklqana.
  2631 | D:3      | Found a burning altar of Makhleb.
  2765 | D:3      | 2765 ||| UPGRADING to ring of positive energy.
  2766 | D:3      | 2766 ||| READING 2 scrolls labelled NUCEBUMENKU.
  2767 | D:3      | 2767 ||| READING scroll labelled LIB NUTRANUD.
  2768 | D:3      | 2768 ||| READING scroll labelled HUM XEFRODE.
  2772 | D:3      | 2772 ||| READING scroll labelled RYVEUTZ WIUPY.
  2773 | D:3      | 2773 ||| DROPPING scroll of vulnerability.
  2830 | D:4      | 2830 ||| Stepping ~*~*~tactically~*~*~ (stealth).
  3070 | D:4      | 3070 ||| FLEEEEING.
  3071 | D:4      | 3071 ||| FLEEEEING.
  3072 | D:4      | 3072 ||| FLEEEEING.
  3074 | D:4      | 3074 ||| FLEEEEING.
  3075 | D:4      | 3075 ||| FLEEEEING.
  3077 | D:4      | 3077 ||| FLEEEEING.
  3078 | D:4      | 3078 ||| FLEEEEING.
  3079 | D:4      | 3079 ||| FLEEEEING.
  3080 | D:4      | 3080 ||| FLEEEEING.
  3081 | D:4      | 3081 ||| FLEEEEING.
  3082 | D:4      | 3082 ||| STAIRDANCE
  3140 | D:3      | 3140 ||| READING scroll labelled TOFI BUSAN.
  3288 | D:4      | 3288 ||| Stepping ~*~*~tactically~*~*~ (stealth).
  3353 | D:4      | 3353 ||| Stepping ~*~*~tactically~*~*~ (hiding).
  3573 | D:4      | 3573 ||| READING scroll labelled GEKEEH BOFOM.
  3574 | D:4      | 3574 ||| DRINKING 2 cyan potions.
  3575 | D:4      | 3575 ||| DROPPING potion of flight.
  3584 | D:5      | Entered Level 5 of the Dungeon
  3585 | D:5      | 3585 ||| STAIRDANCE
  3589 | D:4      | Reached skill level 9 in Axes
  3593 | D:5      | 3593 ||| STAIRDANCE
  3600 | D:4      | Reached *** piety under Trog
  3705 | D:5      | 3705 ||| INVOKING Berserk.
  3708 | D:5      | Reached XP level 8. HP: 90/90 MP: 7/7
  3905 | D:5      | Found a staircase to the Ecumenical Temple.
  3908 | D:5      | 3908 ||| INVOKING Berserk.
  3910 | D:5      | Reached skill level 10 in Axes
  4166 | D:5      | Reached skill level 1 in Throwing
  4412 | D:5      | 4412 ||| UPGRADING to +0 pair of gloves.
  4417 | D:5      | 4417 ||| READING scroll of enchant armour.
  4417 | D:5      | 4417 ||| ENCHANTING +0 pair of gloves.
  4418 | D:5      | 4418 ||| READING scroll labelled XUDAMAIG CIGE.
  4419 | D:5      | 4419 ||| DRINKING 2 pink potions.
  4420 | D:5      | 4420 ||| DRINKING 2 smoky green potions.
  4454 | D:5      | 4454 ||| READING 2 scrolls of identify.
  4454 | D:5      | 4454 ||| IDENTIFYING bubbling amethyst potion
  4455 | D:5      | 4455 ||| DROPPING potion of lignification.
  4500 | D:6      | Found a white marble altar of Elyvilon.
  4628 | D:6      | Found a blossoming altar of Fedhas.
  4724 | D:6      | 4724 ||| INVOKING Berserk.
  4855 | D:6      | 4855 ||| SWAPPING to +0 war axe.
  4905 | D:6      | 4905 ||| DROPPING +0 hand axe of protection.
  5127 | D:6      | 5127 ||| Stepping ~*~*~tactically~*~*~ (stealth).
  5131 | D:6      | 5131 ||| Stepping ~*~*~tactically~*~*~ (stealth).
  5236 | D:6      | 5236 ||| INVOKING Berserk.
  5450 | D:6      | Found Heobe's Antique Armour Shop.
  5456 | D:6      | 5456 ||| BUYING buckler (157 gold).
  5456 | D:6      | Bought a buckler for 157 gold pieces
  5456 | D:6      | 5456 ||| BUYING cloak (157 gold).
  5456 | D:6      | Bought a cloak for 157 gold pieces
  5456 | D:6      | 5456 ||| SHOPLISTING distressingly furry plate armour (980
                  | gold, have 55).
  5456 | D:6      | 5456 ||| SHOPLISTING glowing ice dragon scales (2205 gold,
                  | have 55).
  5456 | D:6      | 5456 ||| SHOPLISTING pair of boots (157 gold, have 55).
  5456 | D:6      | 5456 ||| SHOPLISTING runed leather armour (175 gold, have
                  | 55).
  5456 | D:6      | 5456 ||| SHOPLISTING runed orb (420 gold, have 55).
  5513 | D:6      | 5513 ||| UPGRADING to +0 buckler.
  5518 | D:6      | 5518 ||| UPGRADING to +0 cloak.
  5523 | D:6      | 5523 ||| READING scroll labelled ZUEPO LYITS.
  5524 | D:6      | 5524 ||| READING scroll labelled ARROEGGAXTI.
  5525 | D:6      | 5525 ||| DRINKING 2 emerald potions.
  5526 | D:6      | 5526 ||| READING 2 scrolls of identify.
  5526 | D:6      | 5526 ||| IDENTIFYING blue potion
  5527 | D:6      | 5527 ||| DROPPING potion of magic.
  5553 | D:7      | 5553 ||| Stepping ~*~*~tactically~*~*~ (stealth).
  5555 | D:7      | Noticed Pikel
  5558 | D:7      | 5558 ||| INVOKING Berserk.
  5577 | D:7      | Killed Pikel
  5578 | D:7      | Reached skill level 3 in Shields
  5578 | D:7      | Reached XP level 9. HP: 83/96 MP: 8/8
  5646 | D:7      | 5646 ||| Stepping ~*~*~tactically~*~*~ (stealth).
  5661 | D:7      | Reached skill level 3 in Armour
  5714 | D:7      | 5714 ||| Stepping ~*~*~tactically~*~*~ (stealth).
  5752 | D:7      | 5752 ||| FLEEEEING.
  5754 | D:7      | 5754 ||| INVOKING Berserk.
  5757 | D:7      | Reached skill level 11 in Axes
  5762 | D:7      | 5762 ||| STAIRDANCE
  5934 | D:7      | 5934 ||| Stepping ~*~*~tactically~*~*~ (hiding).
  5936 | D:7      | 5936 ||| Stepping ~*~*~tactically~*~*~ (hiding).
  5940 | D:7      | 5940 ||| INVOKING Berserk.
  6090 | D:7      | 6090 ||| READING scroll of enchant armour.
  6090 | D:7      | 6090 ||| ENCHANTING +1 pair of gloves.
  6133 | D:7      | Found an opulent altar of Gozag.
  6135 | D:7      | 6135 ||| Stepping ~*~*~tactically~*~*~ (hiding).
  6136 | D:7      | 6136 ||| Stepping ~*~*~tactically~*~*~ (hiding).
  6582 | D:7      | 6582 ||| Stepping ~*~*~tactically~*~*~ (stealth).
  6583 | D:7      | 6583 ||| INVOKING Berserk.
  6588 | D:7      | Reached skill level 12 in Axes
  6589 | D:7      | Reached **** piety under Trog
  6656 | D:7      | 6656 ||| Stepping ~*~*~tactically~*~*~ (hiding).
  6693 | D:7      | 6693 ||| INVOKING Berserk.
  6837 | D:7      | Found an ornate altar of the Wu Jian Council.
  6934 | D:7      | Reached XP level 10. HP: 104/104 MP: 9/9
  6961 | D:7      | Found a hide-covered altar of Uskayaw.
  7200 | D:7      | 7200 ||| Stepping ~*~*~tactically~*~*~ (stealth).
  7254 | D:7      | Identified the +9 dagger "Demonbane" {chaos, rF+ rC+ Int-2}
  7371 | D:7      | 7371 ||| UPGRADING to +0 chain mail.
  7381 | D:7      | 7381 ||| DROPPING +0 scale mail.
  7382 | D:7      | 7382 ||| READING 2 scrolls labelled UKUAZE XIZAETZ.
  7383 | D:7      | 7383 ||| READING scroll labelled JEPRER VEPLYK.
  7384 | D:7      | 7384 ||| DRINKING 3 amethyst potions.
  7485 | D:7      | 7485 ||| DROPPING scroll of fear.
  7486 | D:7      | 7486 ||| DROPPING 2 potions of ambrosia.
  7504 | D:8      | 7504 ||| Stepping ~*~*~tactically~*~*~ (stealth).
  7506 | D:8      | 7506 ||| Stepping ~*~*~tactically~*~*~ (hiding).
  7513 | D:8      | 7513 ||| STAIRDANCE
  7554 | D:8      | 7554 ||| STAIRDANCE
  7560 | D:8      | 7560 ||| Stepping ~*~*~tactically~*~*~ (hiding).
  7561 | D:8      | 7561 ||| INVOKING Berserk.
  7573 | D:8      | 7573 ||| STAIRDANCE
  7769 | D:8      | Noticed a two-headed ogre
  7770 | D:8      | 7770 ||| Stepping ~*~*~tactically~*~*~ (hiding).
  7773 | D:8      | 7773 ||| INVOKING Berserk.
  7781 | D:8      | Killed a two-headed ogre
  7782 | D:8      | Reached skill level 6 in Armour
  7862 | D:8      | 7862 ||| Stepping ~*~*~tactically~*~*~ (stealth).
  7866 | D:8      | Reached skill level 13 in Axes
  7871 | D:8      | 7871 ||| INVOKING Berserk.
  8128 | D:8      | 8128 ||| FLEEEEING.
  8332 | D:8      | 8332 ||| INVOKING Berserk.
  8539 | D:8      | Found a broken altar of Ashenzari.
  8656 | D:8      | 8656 ||| Stepping ~*~*~tactically~*~*~ (stealth).
  8657 | D:8      | 8657 ||| Stepping ~*~*~tactically~*~*~ (stealth).
  8874 | D:8      | 8874 ||| UPGRADING to +0 plate armour.
  8884 | D:8      | 8884 ||| DROPPING +0 chain mail.
  8885 | D:8      | 8885 ||| READING 2 scrolls of identify.
  8885 | D:8      | 8885 ||| IDENTIFYING smoky red potion
  8886 | D:8      | 8886 ||| DROPPING potion of berserk rage.
  8910 | D:9      | 8910 ||| Stepping ~*~*~tactically~*~*~ (stealth).
  8916 | D:9      | 8916 ||| Stepping ~*~*~tactically~*~*~ (stealth).
  8928 | D:9      | 8928 ||| Stepping ~*~*~tactically~*~*~ (stealth).
  8933 | D:9      | Reached ***** piety under Trog
  8937 | D:9      | 8937 ||| Stepping ~*~*~tactically~*~*~ (stealth).
  8938 | D:9      | 8938 ||| STAIRDANCE
  9054 | D:9      | 9054 ||| STAIRDANCE
  9128 | D:9      | 9128 ||| STAIRDANCE
  9139 | D:9      | 9139 ||| STAIRDANCE
  9152 | D:9      | 9152 ||| STAIRDANCE
  9213 | D:9      | 9213 ||| DROPPING +0 flail.
  9227 | D:9      | Reached XP level 11. HP: 104/111 MP: 10/10
  9231 | D:9      | 9231 ||| INVOKING Berserk.
  9235 | D:9      | Reached skill level 14 in Axes
  9318 | D:9      | Found a staircase to the Lair.
  9342 | D:9      | 9342 ||| DROPPING +0 flail of protection.
  9459 | D:9      | Found an iron altar of Okawaru.
  9490 | D:9      | Found a staircase to the Orcish Mines.
  9500 | D:9      | Noticed a two-headed ogre
  9505 | D:9      | 9505 ||| INVOKING Berserk.
  9514 | D:9      | Killed a two-headed ogre
  9609 | D:9      | 9609 ||| INVOKING Berserk.
  9766 | D:9      | 9766 ||| INVOKING Berserk.
  9970 | D:9      | 9970 ||| Stepping ~*~*~tactically~*~*~ (cloud).
  9973 | D:9      | 9973 ||| INVOKING Berserk.
 10195 | D:9      | Reached skill level 15 in Axes
 10427 | D:9      | 10427 ||| PLANNING LAIR
 10427 | D:9      | 10427 ||| UPGRADING to ring of willpower.
 10428 | D:9      | 10428 ||| READING 2 scrolls of identify.
 10428 | D:9      | 10428 ||| IDENTIFYING smoky inky potion
 10468 | Lair:1   | Entered Level 1 of the Lair of Beasts
 10478 | Lair:1   | Reached skill level 3 in Dodging
 10481 | Lair:1   | 10481 ||| INVOKING Berserk.
 10507 | Lair:1   | 10507 ||| Stepping ~*~*~tactically~*~*~ (stealth).
 10524 | Lair:1   | 10524 ||| Stepping ~*~*~tactically~*~*~ (stealth).
 10525 | Lair:1   | 10525 ||| Stepping ~*~*~tactically~*~*~ (stealth).
 10765 | Lair:1   | 10765 ||| Stepping ~*~*~tactically~*~*~ (stealth).
 10781 | Lair:1   | 10781 ||| Stepping ~*~*~tactically~*~*~ (stealth).
 10881 | Lair:1   | 10881 ||| Stepping ~*~*~tactically~*~*~ (stealth).
 10882 | Lair:1   | 10882 ||| INVOKING Berserk.
 10916 | Lair:1   | 10916 ||| Stepping ~*~*~tactically~*~*~ (stealth).
 11000 | Lair:1   | 11000 ||| Stepping ~*~*~tactically~*~*~ (stealth).
 11001 | Lair:1   | 11001 ||| Stepping ~*~*~tactically~*~*~ (stealth).
 11012 | Lair:1   | Reached skill level 16 in Axes
 11015 | Lair:1   | Noticed a six-headed hydra
 11016 | Lair:1   | 11016 ||| INVOKING Brothers in Arms.
 11017 | Lair:1   | 11017 ||| INVOKING Brothers in Arms.
 11018 | Lair:1   | 11018 ||| INVOKING Brothers in Arms.
 11021 | Lair:1   | 11021 ||| SWAPPING to +0 morningstar.
 11022 | Lair:1   | 11022 ||| INVOKING Berserk.
 11024 | Lair:1   | Killed a six-headed hydra
 11025 | Lair:1   | Reached skill level 6 in Shields
 11030 | Lair:1   | 11030 ||| SWAPPING to +0 war axe.
 11056 | Lair:1   | 11056 ||| Stepping ~*~*~tactically~*~*~ (stealth).
 11058 | Lair:1   | 11058 ||| Stepping ~*~*~tactically~*~*~ (stealth).
 11218 | Lair:1   | 11218 ||| Stepping ~*~*~tactically~*~*~ (stealth).
 11219 | Lair:1   | 11219 ||| Stepping ~*~*~tactically~*~*~ (stealth).
 11220 | Lair:1   | 11220 ||| Stepping ~*~*~tactically~*~*~ (stealth).
 11222 | Lair:1   | 11222 ||| Stepping ~*~*~tactically~*~*~ (stealth).
 11227 | Lair:1   | 11227 ||| INVOKING Berserk.
 11332 | Lair:1   | 11332 ||| INVOKING Berserk.
 11470 | Lair:1   | 11470 ||| INVOKING Berserk.
 11476 | Lair:1   | Reached skill level 9 in Armour
 11612 | Lair:1   | Noticed an oklob plant
 11617 | Lair:1   | 11617 ||| INVOKING Berserk.
 11622 | Lair:1   | Killed an oklob plant
 11750 | Lair:1   | 11750 ||| Stepping ~*~*~tactically~*~*~ (stealth).
 11751 | Lair:1   | 11751 ||| INVOKING Berserk.
 11767 | Lair:1   | Reached XP level 12. HP: 118/118 MP: 11/11
 12034 | Lair:1   | Identified the +1 pair of boots of Fehellyo {Harm Will+
                  | rCorr}
 12108 | Lair:1   | 12108 ||| READING scroll of enchant armour.
 12108 | Lair:1   | 12108 ||| ENCHANTING +0 cloak.
 12349 | Lair:1   | 12349 ||| READING 2 scrolls of identify.
 12349 | Lair:1   | 12349 ||| IDENTIFYING bubbling green potion
 12435 | Lair:2   | Noticed qw's ghost (journeyman TrCA)
 12435 | Lair:2   | Noticed an ice dragon
 12487 | Lair:2   | 12487 ||| INVOKING Berserk.
 12631 | Lair:2   | Found a runed translucent gate.
 12631 | Lair:2   | Found a runed translucent gate.
 12631 | Lair:2   | Found a runed translucent gate.
 12791 | Lair:2   | 12791 ||| INVOKING Berserk.
 12797 | Lair:2   | HP: 44/177 [poisoned by a naga]
 12802 | Lair:2   | HP: 39/177 [poisoned by a naga]
 12804 | Lair:2   | 12804 ||| READING 2 scrolls of teleportation.
 12806 | Lair:2   | 12806 ||| DRINKING 2 potions of heal wounds.
 13116 | Lair:2   | Found a staircase to the Swamp.
 13204 | Lair:2   | 13204 ||| SWAPPING to +0 war axe of venom.
 13205 | Lair:2   | 13205 ||| DROPPING +0 war axe.
 13207 | Lair:2   | Found a staircase to the Snake Pit.
 13566 | Lair:2   | 13566 ||| UPGRADING to ring of see invisible.
 13568 | Lair:2   | 13568 ||| READING 3 scrolls of identify.
 13568 | Lair:2   | 13568 ||| IDENTIFYING sedimented inky potion
 13569 | Lair:2   | 13569 ||| READING 2 scrolls of identify.
 13569 | Lair:2   | 13569 ||| IDENTIFYING fizzy silvery potion
 13570 | Lair:2   | 13570 ||| DROPPING potion of degeneration.
 13898 | Lair:3   | Found a transporter.
 13908 | Lair:3   | 13908 ||| READING scroll of enchant armour.
 13908 | Lair:3   | 13908 ||| ENCHANTING +1 cloak.
 14036 | Lair:3   | 14036 ||| INVOKING Berserk.
 14196 | Lair:3   | Found a transporter.
 14198 | Lair:3   | Noticed a seven-headed hydra
 14204 | Lair:3   | Noticed a death yak
 14207 | Lair:3   | Noticed qw's ghost (journeyman MiBe)
 14252 | Lair:3   | Found a shimmering altar of Xom.
 14269 | Lair:3   | HP: 27/118 [centaur/arrow (8)]
 14270 | Lair:3   | 14270 ||| READING scroll of teleportation.
 14270 | Lair:3   | HP: 11/118 [centaur/arrow (11)]
 14270 | Lair:3   | HP: 5/118 [centaur/arrow (6)]
 14271 | Lair:3   | 14271 ||| DRINKING potion of heal wounds.
 14275 | Lair:3   | 14275 ||| INVOKING Berserk.
 14279 | Lair:3   | HP: 19/177 [blink frog (6)]
 14281 | Lair:3   | HP: 3/177 [blink frog (13)]
 14282 | Lair:3   | Mangled by a blink frog

Levels and vault maps discovered:
D:1:      eino_arrival_tree_alley, layout_rooms,
          shapermc_ecumenical_altar_rom_forum, minivault_27,
          minmay_crystal_water
D:2:      layout_basic, dk_noncrumbling_2, uniq_sigmund, uniq_crazy_yiuf_cottage
D:3:      layout_rooms, chequers_temple_overflow_statue_of_worship
D:4:      layout_cave_pools
D:5:      layout_rooms, minmay_temple_entry_wispy, st_stairs_10
D:6:      layout_loops_corners, fedhas_altar_2, elyvilon_altar_5, serial_shops,
          nicolae_shop_hallway_plus
D:7:      layout_basic, mainiacjoe_overflow_24_doors, nzn_wu_jian_contemplation,
          nicolae_gozag_cash_rules_everything_around_me, serial_undead,
          serial_undead_f, serial_undead_a, serial_undead_d, serial_undead_f,
          serial_undead_b, serial_undead_e, serial_undead_a, uniq_pikel
D:8:      layout_gridville, mainiacjoe_overflow_surrounded_room
D:9:      layout_small_grid, okawaru_metal_pillars_1_2,
          due_lair_maze_entry_diamond, david_orc_3, minmay_misc_feat_plants
Lair:1:   layout_regular_city, grunt_megastairs_5
Lair:2:   layout_chaotic_city, swamp_mist, minmay_snake_entry_guardpost_medium,
          gammafunk_ghost_icy, infiniplex_staircase_pool_2
Lair:3:   layout_cellular_growth, nzn_ghost_randoct, lemuel_centaur_altar

Skill      XL: |  1  2  3  4  5  6  7  8  9 10 11 12 |
---------------+-------------------------------------+-----
Axes           | 4 5 7 8 9 10 12 13 16 | 16.0
Fighting       | 14 | 14.3
Throwing       | 1 2 |  2.4
Shields        | 3 4 5 6 7 |  7.7
Armour         | 3 7 9 11 | 11.1
Dodging        | 3 4 |  4.0

Action                   |  1- 3 |  4- 6 |  7- 9 | 10-12 || total
-------------------------+-------+-------+-------+-------++-------
Melee: Hand axe          |    71 |    29 |   153 |       ||   253
       Headbutt          |     6 |     3 |    69 |    87 ||   165
       Punch             |       |       |     4 |       ||     4
       War axe           |       |       |   144 |   433 ||   577
       Unarmed           |       |       |    14 |       ||    14
       Morningstar       |       |       |       |     2 ||     2
Throw: Boomerang         |       |     4 |    46 |    32 ||    82
Invok: Berserk           |     1 |     2 |     9 |    21 ||    33
       Brothers in Arms  |       |       |       |     1 ||     1
  Use: Scroll            |     3 |     1 |    13 |    11 ||    28
       Potion            |       |     1 |     4 |     3 ||     8
Armor: Animal skin       |    11 |     1 |       |       ||    12
       Scale mail        |       |     7 |   106 |     8 ||   121
       Chain mail        |       |       |       |    28 ||    28
       Plate armour      |       |       |       |   192 ||   192
Dodge: Dodged            |    41 |    13 |   125 |   142 ||   321
Block: Buckler           |       |       |    16 |    88 ||   104

Table legend:
 A = Non-vault XP
 B = Vault XP
 C = Vault XP percentage of total XP
 D = Non-vault monster count
 E = Vault monster count
 F = Vault count percentage of total count
                 A         B        C        D         E       F
            +---------+---------+-------+---------+---------+-------
      Total |   22746 |    5170 |  18.5 |     243 |      54 |  18.2
            +---------+---------+-------+---------+---------+-------
        D:1 |      33 |       0 |   0.0 |      18 |       0 |   0.0
        D:2 |     113 |     231 |  67.2 |      18 |       1 |   5.3
        D:3 |     136 |       0 |   0.0 |      22 |       0 |   0.0
        D:4 |     373 |      96 |  20.5 |      24 |       2 |   7.7
        D:5 |     595 |       3 |   0.5 |      13 |       1 |   7.1
        D:6 |     653 |       0 |   0.0 |      30 |       0 |   0.0
        D:7 |    1017 |    2323 |  69.6 |      16 |      28 |  63.6
        D:8 |    3623 |     213 |   5.6 |      34 |       3 |   8.1
        D:9 |    2513 |    1358 |  35.1 |      12 |      13 |  52.0
     Lair:1 |    9145 |       0 |   0.0 |      34 |       0 |   0.0
     Lair:2 |     817 |     946 |  53.7 |       5 |       6 |  54.5
     Lair:3 |    3728 |       0 |   0.0 |      17 |       0 |   0.0
            +---------+---------+-------+---------+---------+-------
